PIO
PORTLAND TIGERS @ BILLINGS MUSTANGS
09/07/2108
 
TOP OF THE 1ST
Portland Tigers batting - Pitching for Billings Mustangs : RHP Brian Quinn
Pitching: RHP Brian Quinn
Batting: LHB Dario Ambriz 0-0: Ball
1-0: Foul Ball, location: 3F
1-1: Ball
2-1: Swinging Strike
2-2: Ground out U3 (Groundball, 34, EV 105.6 MPH)
Batting: RHB Francisco Jimenez 0-0: Ball
1-0: Ball
2-0: Fly out, F9 (Line Drive, 9, EV 95.6 MPH)
Batting: LHB Chris Grise 0-0: Ball
1-0: Called Strike
1-1: Fly out, F9 (Flyball, 89M, EV 90.6 MPH)
Top of the 1st over - 0 runs, 0 hits, 0 errors, 0 left on base; Portland 0 - Billings 0
BOTTOM OF THE 1ST
Billings Mustangs batting - Pitching for Portland Tigers : RHP Ricardo Batista
Pitching: RHP Ricardo Batista
Batting: LHB Jack Clawson 0-0: Ball
1-0: Fly out, F6 (Line Drive, 56D, EV 69.4 MPH)
Batting: RHB Tony Varela 0-0: Swinging Strike
0-1: Ball
1-1: Ball
2-1: Foul Ball, location: 23F
2-2: Strikes out looking
Batting: SHB Sean Simple 0-0: Called Strike
0-1: SINGLE (Flyball, 56D, EV 96.9 MPH)
Batting: LHB Zach Kannel 0-0: Ball
1-0: Ball
2-0: Ball
3-0: Base on Balls
Sean Simple to second
Batting: SHB Blaine Rivera 0-0: Ball
1-0: Foul Ball, location: 3F
1-1: Called Strike
1-2: Strikes out swinging
Bottom of the 1st over - 0 runs, 1 hit, 0 errors, 2 left on base; Portland 0 - Billings 0
TOP OF THE 2ND
Portland Tigers batting - Pitching for Billings Mustangs : RHP Brian Quinn
Batting: RHB David Salmeron 0-0: Called Strike
0-1: Swinging Strike
0-2: Fly out, F9 (Line Drive, 9, EV 110.0 MPH)
Batting: LHB B.J. McRitchie 0-0: Ball
1-0: Swinging Strike
1-1: Ball
2-1: Ball
3-1: Base on Balls
Batting: LHB Kevin Silvers 0-0: Ball
1-0: Called Strike
B.J. McRitchie steals 2nd base
1-1: Foul Ball, location: 25FF
1-2: Fly out, F9 (Flyball, 9S, EV 88.8 MPH)
Batting: RHB Lorenzo Morin 0-0: Ball
1-0: Foul Ball, location: 9LDF
1-1: Called Strike
1-2: 2-RUN HOME RUN (Flyball, 8LXD, EV 105.6 MPH), Distance : 424 ft
Batting: LHB Luis Cruz 0-0: Swinging Strike
0-1: TRIPLE (Line Drive, 8RXD, EV 105.6 MPH)
Batting: RHB Jeremy Strout 0-0: Swinging Strike
0-1: Fly out, F8 (Flyball, 8RM, EV 76.3 MPH)
Top of the 2nd over - 2 runs, 2 hits, 0 errors, 1 left on base; Portland 2 - Billings 0
BOTTOM OF THE 2ND
Billings Mustangs batting - Pitching for Portland Tigers : RHP Ricardo Batista
Batting: RHB Ryan Kralik 0-0: Ball
1-0: Ball
2-0: Fly out, F9 (Line Drive, 9, EV 90.6 MPH)
Batting: RHB Ramon Alvarez 0-0: Called Strike
0-1: SINGLE (Groundball, 34D, EV 94.4 MPH)
Batting: RHB Humberto Bonilla 0-0: Swinging Strike
0-1: Foul Ball, location: 5FF
0-2: SINGLE (Line Drive, 56D, EV 95.0 MPH)
Ramon Alvarez to second
Batting: RHB Caleb Wrightson 0-0: Ball
1-0: Called Strike
1-1: Fly out, F8 (Flyball, 8RD, EV 105.6 MPH)
Batting: LHB Jack Clawson 0-0: Called Strike
0-1: Called Strike
0-2: Foul Ball, location: 7LMF
0-2: Ball
1-2: Fly out, F9 (Line Drive, 89M, EV 86.3 MPH)
Bottom of the 2nd over - 0 runs, 2 hits, 0 errors, 2 left on base; Portland 2 - Billings 0
TOP OF THE 3RD
Portland Tigers batting - Pitching for Billings Mustangs : RHP Brian Quinn
Batting: LHB Dario Ambriz 0-0: Foul Ball, location: 25F
0-1: Ball
1-1: Ball
2-1: Called Strike
2-2: Ball
3-2: SINGLE (Line Drive, 4MD, EV 103.8 MPH)
Batting: RHB Francisco Jimenez 0-0: Foul Ball, location: 25F
0-1: Ball
Dario Ambriz is caught stealing 2nd base 2-4
1-1: Ball
2-1: Swinging Strike
2-2: Strikes out swinging
Batting: LHB Chris Grise 0-0: Swinging Strike
0-1: Ball
1-1: Fly out, F4 (Line Drive, 4, EV 64.4 MPH)
Top of the 3rd over - 0 runs, 1 hit, 0 errors, 0 left on base; Portland 2 - Billings 0
BOTTOM OF THE 3RD
Billings Mustangs batting - Pitching for Portland Tigers : RHP Ricardo Batista
Batting: RHB Tony Varela 0-0: Fly out, F4 (Popup, 34S, EV 76.9 MPH)
Batting: SHB Sean Simple 0-0: Called Strike
0-1: Ball
1-1: Ball
2-1: Foul Ball, location: 7LSF
2-2: Ball
3-2: Strikes out looking
Batting: LHB Zach Kannel 0-0: Ball
1-0: Swinging Strike
1-1: Called Strike
1-2: Ball
2-2: Foul Ball, location: 2F
2-2: Ground out 1-4-3 (Groundball, 15S, EV 85.6 MPH)
Bottom of the 3rd over - 0 runs, 0 hits, 0 errors, 0 left on base; Portland 2 - Billings 0
TOP OF THE 4TH
Portland Tigers batting - Pitching for Billings Mustangs : RHP Brian Quinn
Batting: RHB David Salmeron 0-0: Ball
1-0: Called Strike
1-1: Ball
2-1: Called Strike
2-2: Strikes out swinging
Batting: LHB B.J. McRitchie 0-0: Ball
1-0: Ball
2-0: Ball
3-0: Base on Balls
Batting: LHB Kevin Silvers 0-0: Ball
1-0: Ball
2-0: Foul Ball, location: 5F
2-1: Ball
3-1: Base on Balls
B.J. McRitchie to second
Batting: RHB Lorenzo Morin 0-0: Foul Ball, location: 9LSF
0-1: Called Strike
0-2: Foul Ball, location: 2F
0-2: Ball
1-2: DOUBLE (Groundball, 5L, EV 108.1 MPH)
B.J. McRitchie scores
Kevin Silvers to third
Batting: LHB Luis Cruz 0-0: Ball
1-0: 3-RUN HOME RUN (Line Drive, 7D, EV 99.4 MPH), Distance : 367 ft
Pitching: RHP Nick Eiland
Batting: RHB Jeremy Strout 0-0: Called Strike
0-1: Ball
1-1: Fly out, F8 (Line Drive, 8LD, EV 96.9 MPH)
Batting: LHB Dario Ambriz 0-0: Ball
1-0: Fly out, F8 (Line Drive, 8RS, EV 91.9 MPH)
Top of the 4th over - 4 runs, 2 hits, 0 errors, 0 left on base; Portland 6 - Billings 0
BOTTOM OF THE 4TH
Billings Mustangs batting - Pitching for Portland Tigers : RHP Ricardo Batista
Batting: SHB Blaine Rivera 0-0: Called Strike
0-1: Foul Ball, location: 2F
0-2: Foul Ball, location: 2F
0-2: Ball
1-2: Ball
2-2: SINGLE (Groundball, 3D, EV 96.9 MPH)
Batting: RHB Ryan Kralik 0-0: Ball
1-0: Called Strike
1-1: Ball
2-1: Swinging Strike
2-2: Grounds into double play, 6-4-3 (Groundball, 6, EV 105.0 MPH)
Batting: RHB Ramon Alvarez 0-0: Called Strike
0-1: Called Strike
0-2: SINGLE (Flyball, 8LS, EV 93.8 MPH)
Batting: RHB Humberto Bonilla 0-0: Ball
1-0: Ground out 6-3 (Groundball, 6MS, EV 75.6 MPH)
Bottom of the 4th over - 0 runs, 2 hits, 0 errors, 1 left on base; Portland 6 - Billings 0
TOP OF THE 5TH
Portland Tigers batting - Pitching for Billings Mustangs : RHP Nick Eiland
Batting: RHB Francisco Jimenez 0-0: Ball
1-0: Ball
2-0: Ball
3-0: Foul Ball, location: 3F
3-1: Base on Balls
Batting: LHB Chris Grise 0-0: Ball
1-0: Foul Ball, location: 9LSF
1-1: Called Strike
Francisco Jimenez is caught stealing 2nd base 2-6
1-2: Strikes out swinging
Batting: RHB David Salmeron 0-0: Ball
1-0: Ground out 1-3 (Groundball, 34S, EV 70.0 MPH)
Top of the 5th over - 0 runs, 0 hits, 0 errors, 0 left on base; Portland 6 - Billings 0
BOTTOM OF THE 5TH
Billings Mustangs batting - Pitching for Portland Tigers : RHP Ricardo Batista
Batting: RHB Caleb Wrightson 0-0: Ball
1-0: SINGLE (Groundball, 4MD, EV 104.4 MPH)
Batting: LHB Jack Clawson 0-0: TRIPLE (Flyball, 8RXD, EV 101.3 MPH)
Caleb Wrightson scores
Batting: RHB Tony Varela 0-0: DOUBLE (Line Drive, 9LM, EV 105.6 MPH)
Jack Clawson scores
Batting: SHB Sean Simple 0-0: Ball
1-0: Swinging Strike
1-1: Swinging Strike
1-2: Strikes out swinging
Batting: LHB Zach Kannel 0-0: Called Strike
0-1: Foul Ball, location: 2F
0-2: SINGLE (Groundball, 6MD, EV 94.4 MPH)
Tony Varela to third
Batting: SHB Blaine Rivera 0-0: Ball
1-0: Called Strike
1-1: Swinging Strike
1-2: Ground out 4-3 (Groundball, 34, EV 96.9 MPH)
Tony Varela scores
Zach Kannel to second
Batting: RHB Ryan Kralik 0-0: SINGLE (Line Drive, 9S, EV 104.4 MPH)
Zach Kannel to third
Runner from 3rd tries for Home, SAFE, throw by RF to home
Pitching: RHP Orlando Vigil
Batting: RHB Ramon Alvarez 0-0: Ball
1-0: SINGLE (Line Drive, 7S, EV 108.8 MPH)
Ryan Kralik to second
Batting: RHB Humberto Bonilla 0-0: SINGLE (Line Drive, 7S, EV 87.5 MPH)
Ryan Kralik to third
Ramon Alvarez to second
Pinch Hitting: LHB Carlos Nava 0-0: Ground out U3 (Groundball, 3, EV 86.9 MPH)
Bottom of the 5th over - 4 runs, 7 hits, 0 errors, 3 left on base; Portland 6 - Billings 4
TOP OF THE 6TH
Portland Tigers batting - Pitching for Billings Mustangs : RHP Nick Eiland
Now at 3B: Blaine Rivera
Now at SS: Ramon Alvarez
Now in LF: Carlos Nava
Now in CF: Humberto Bonilla
Batting: LHB B.J. McRitchie 0-0: SINGLE (Line Drive, 5D, EV 96.9 MPH)
Batting: LHB Kevin Silvers 0-0: Called Strike
0-1: Called Strike
0-2: Ball
1-2: Ball
2-2: Foul Ball, location: 7LMF
2-2: Ball
3-2: Foul Ball, location: 7LMF
3-2: Grounds into double play, 6-4-3 (Groundball, 6, EV 90.0 MPH)
Batting: RHB Lorenzo Morin 0-0: Ball
1-0: Ball
2-0: Foul Ball, location: 2F
2-1: Foul Ball, location: 2F
2-2: SINGLE (Flyball, 89S, EV 93.8 MPH)
Batting: LHB Luis Cruz 0-0: Swinging Strike
0-1: Foul Ball, location: 3FF
0-2: Strikes out looking
Top of the 6th over - 0 runs, 2 hits, 0 errors, 1 left on base; Portland 6 - Billings 4
BOTTOM OF THE 6TH
Billings Mustangs batting - Pitching for Portland Tigers : RHP Orlando Vigil
Batting: LHB Jack Clawson 0-0: Ground out 4-3 (Groundball, 4, EV 93.1 MPH)
Batting: RHB Tony Varela 0-0: Ground out 6-3 (Groundball, 6M, EV 98.1 MPH)
Batting: SHB Sean Simple 0-0: SINGLE (Line Drive, 78M, EV 103.1 MPH)
Batting: LHB Zach Kannel 0-0: Foul Ball, location: 7LMF
0-1: Fly out, F9 (Line Drive, 9S, EV 93.1 MPH)
Bottom of the 6th over - 0 runs, 1 hit, 0 errors, 1 left on base; Portland 6 - Billings 4
TOP OF THE 7TH
Portland Tigers batting - Pitching for Billings Mustangs : RHP Nick Eiland
Batting: RHB Jeremy Strout 0-0: Ball
1-0: Ball
2-0: Called Strike
2-1: Ball
3-1: Called Strike
3-2: Fly out, F6 (Popup, 6M, EV 78.1 MPH)
Batting: LHB Dario Ambriz 0-0: Called Strike
0-1: Swinging Strike
0-2: Strikes out swinging
Batting: RHB Francisco Jimenez 0-0: Ball
1-0: Ground out 6-3 (Groundball, 6, EV 86.3 MPH)
Top of the 7th over - 0 runs, 0 hits, 0 errors, 0 left on base; Portland 6 - Billings 4
BOTTOM OF THE 7TH
Billings Mustangs batting - Pitching for Portland Tigers : RHP Orlando Vigil
Batting: SHB Blaine Rivera 0-0: Ball
1-0: Ball
2-0: Swinging Strike
2-1: Swinging Strike
2-2: Ball
3-2: Strikes out looking
Batting: RHB Ryan Kralik 0-0: Ball
1-0: TRIPLE (Line Drive, 9LD, EV 106.3 MPH)
Batting: RHB Ramon Alvarez 0-0: Ground out 4-3 (Groundball, 34, EV 84.4 MPH)
Batting: RHB Humberto Bonilla 0-0: Called Strike
0-1: Ball
1-1: Foul Ball, location: 3F
1-2: Foul Ball, location: 3F
1-2: Foul Ball, location: 3FF
1-2: Ball
2-2: Foul Ball, location: 9LDF
2-2: Ball
3-2: Foul Ball, location: 3DF
3-2: Base on Balls
Batting: LHB Carlos Nava 0-0: Called Strike
0-1: Ball
1-1: Foul Ball, location: 2F
1-2: Foul Ball, location: 2F
1-2: Ball
2-2: Ball
3-2: Base on Balls
Humberto Bonilla to second
Pitching: RHP Dan Brown
Batting: LHB Jack Clawson 0-0: Fly out, F9 (Line Drive, 34D, EV 69.4 MPH)
Bottom of the 7th over - 0 runs, 1 hit, 0 errors, 3 left on base; Portland 6 - Billings 4
TOP OF THE 8TH
Portland Tigers batting - Pitching for Billings Mustangs : RHP Nick Eiland
Pitching: LHP Luis Elias
Batting: LHB Chris Grise 0-0: Ball
1-0: Ball
2-0: Foul Ball, location: 7LDF
2-1: Foul Ball, location: 2RF
2-2: Ball
3-2: Foul Ball, location: 7LSF
3-2: Strikes out swinging
Pitching: RHP Bobby Segovia
Batting: RHB David Salmeron 0-0: Called Strike
0-1: Ball
1-1: Ball
2-1: Swinging Strike
2-2: Strikes out swinging
Batting: LHB B.J. McRitchie 0-0: Called Strike
0-1: Fly out, F4 (Popup, 4D, EV 48.8 MPH)
Top of the 8th over - 0 runs, 0 hits, 0 errors, 0 left on base; Portland 6 - Billings 4
BOTTOM OF THE 8TH
Billings Mustangs batting - Pitching for Portland Tigers : RHP Dan Brown
Batting: RHB Tony Varela 0-0: Ball
1-0: SINGLE (Groundball, 4MD, EV 95.6 MPH)
Batting: SHB Sean Simple 0-0: Foul Ball, location: 7LDF
0-1: Foul Ball, location: 9LDF
0-2: Ball
1-2: Foul Ball, location: 23FF
1-2: Strikes out looking
Batting: LHB Zach Kannel 0-0: Ball
1-0: Grounds into double play, 5-4-3 (Groundball, 56S, EV 85.0 MPH)
Bottom of the 8th over - 0 runs, 1 hit, 0 errors, 0 left on base; Portland 6 - Billings 4
TOP OF THE 9TH
Portland Tigers batting - Pitching for Billings Mustangs : RHP Bobby Segovia
Batting: LHB Kevin Silvers 0-0: Swinging Strike
0-1: Ball
1-1: Ball
2-1: Foul Ball, location: 5F
2-2: Ball
3-2: Strikes out swinging
Batting: RHB Lorenzo Morin 0-0: Foul Ball, location: 3F
0-1: Ball
1-1: Swinging Strike
1-2: Ball
2-2: Strikes out swinging, 2-3 out at first.
Batting: LHB Luis Cruz 0-0: Called Strike
0-1: Foul Ball, location: 2RF
0-2: Strikes out swinging
Top of the 9th over - 0 runs, 0 hits, 0 errors, 0 left on base; Portland 6 - Billings 4
BOTTOM OF THE 9TH
Billings Mustangs batting - Pitching for Portland Tigers : RHP Dan Brown
Batting: SHB Blaine Rivera 0-0: Called Strike
0-1: Called Strike
0-2: Ball
1-2: Strikes out swinging
Batting: RHB Ryan Kralik 0-0: Ball
1-0: Called Strike
1-1: Swinging Strike
1-2: Hit by Pitch
Batting: RHB Ramon Alvarez 0-0: Ball
1-0: Called Strike
1-1: Ball
2-1: Foul Ball, location: 2F
2-2: Grounds into double play, 4-6-3 (Groundball, 4, EV 110.0 MPH)
Bottom of the 9th over - 0 runs, 0 hits, 0 errors, 0 left on base; Portland 6 - Billings 4
Thursday, March 27th , 2025 - OOTP Baseball 25.11 Build 104